 Dungeon Crawl Stone Soup version 0.18.1-6-gd335043 (webtiles) character file.

65568 tbh1313 the Shatterer (level 15, -3/165 HPs)
             Began as an Ogre Gladiator on May 21, 2016.
             Was the Champion of Okawaru.
             Slain by a large abomination (18 damage)
             ... on level 4 of the Abyss.
             The game lasted 00:51:58 (19392 turns).

tbh1313 the Shatterer (Ogre Gladiator)             Turns: 19392, Time: 00:51:58

Health: -3/165     AC: 18    Str: 33      XL:     15   Next: 16%
Magic:  13/13      EV: 12    Int:  6 (7)  God:    Okawaru [******]
Gold:   1638       SH:  0    Dex: 14      Spells: 0 memorised, 14 levels left

rFire  . . .     SeeInvis +     a - +8 giant spiked club
rCold  . . .     Gourm    .     i - +5 mottled dragon armour of the Crown {rPois MR+ Regen+ Dex+4}
rNeg   . . .     Faith    .     (shield currently unavailable)
rPois  +         Spirit   .     x - +2 hat
rElec  .         Dismiss  .     Y - -2 cloak of the Sun {-Cast rPois MR+ Str+4}
rCorr  .         Reflect  .     (gloves unavailable)
SustAt .         Harm     .     (boots unavailable)
MR     ++++.     NoCast   +     H - amulet of rage
Stlth  +.........               B - ring of see invisible
                                N - ring of protection from magic

@: about to teleport, incredibly resistant to hostile enchantments, very
unstealthy
A: unfitting armour, iridescent scales 1, low mp 1, tough skin 1
a: Heroism, Finesse, Renounce Religion, Evoke Berserk Rage


You were on level 4 of the Abyss.
You worshipped Okawaru.
Okawaru was exalted by your worship.
You were not hungry.

You visited 3 branches of the dungeon, and saw 18 of its levels.
You visited the Abyss 1 time.
You also visited: Ossuary.

You collected 1638 gold pieces.

Inventory:

Hand Weapons
 a - a +8 giant spiked club (weapon)
Missiles
 d - 3 throwing nets (quivered)
 C - 17 large rocks
 S - 3 poisoned javelins
Armour
 i - the +5 mottled dragon armour of the Crown (worn) {rPois MR+ Regen+ Dex+4}
   (Okawaru gifted it to you on level 15 of the Dungeon)

   It affects your dexterity (+4).
   It protects you from poison.
   It affects your resistance to hostile enchantments.
   It increases your rate of regeneration.
 u - a +1 cloak
 x - a +2 hat (worn)
 K - a +0 fire dragon armour
 Y - the -2 cloak of the Sun (worn) {-Cast rPois MR+ Str+4}
   (Okawaru gifted it to you on level 13 of the Dungeon)

   It affects your strength (+4).
   It protects you from poison.
   It affects your resistance to hostile enchantments.
   It prevents spellcasting.
Jewellery
 e - a +3 amulet of reflection
 k - an uncursed ring of fire
 p - an uncursed amulet of regeneration
 z - an uncursed ring of ice
 B - a ring of see invisible (right hand)
 H - an amulet of rage (around neck)
 I - an uncursed ring of sustain attributes
 J - an uncursed ring of flight
 N - a ring of protection from magic (left hand)
Wands
 b - a wand of hasting (4/9)
 c - a wand of polymorph (17/24)
 q - a wand of acid (5/15)
 r - a wand of teleportation (3/9)
 U - a wand of heal wounds (7/9)
 X - a wand of digging (19/24)
 Z - a wand of disintegration (14/24)
Scrolls
 g - 4 scrolls of remove curse
 l - 2 scrolls of magic mapping
 t - 2 scrolls of blinking
 w - 4 scrolls of teleportation
 y - 2 scrolls of recharging
 E - 2 scrolls of fog
 F - 2 scrolls of amnesia
 G - a scroll of fear
 L - 6 scrolls of identify
 O - 4 scrolls of immolation
Potions
 j - 4 potions of flight
 o - 3 potions of cure mutation
 v - 10 potions of curing
 A - 5 potions of agility
 P - a potion of mutation
 Q - 2 potions of resistance
 R - 2 potions of invisibility
 T - a potion of brilliance
 W - a potion of berserk rage
Miscellaneous
 s - an ornate deck of wonders {the Mercenary}
Comestibles
 f - 9 bread rations
 h - 6 beef jerkies
 m - 8 meat rations
 D - 2 royal jellies
 M - 15 fruits
 V - 6 slices of pizza


   Skills:
 - Level 14.7 Fighting
 * Level 25.2 Maces & Flails
 - Level 2.0 Throwing
 - Level 6.0 Armour
 - Level 6.0 Dodging


You had 14 spell levels left.
You didn't know any spells.

Dungeon Overview and Level Annotations

Branches:
Dungeon (15/15)            Temple (1/1) D:6            Lair (2/8) D:10
    Orc (0/2) D:11         Vaults (0/5) D:13         Depths (0/5) D:15

Altars:
Ashenzari
Cheibriados
Dithmenos
Elyvilon
Fedhas
Gozag
Kikubaaqudgha
Makhleb
Nemelex Xobeh
Okawaru
Pakellas
Qazlal
Ru
Trog
Vehumet
Xom
Zin
The Shining One

Shops:
D:4 %   D:9 :   D:15 [

Annotations:
Lair:2 Sonja


Innate Abilities, Weirdness & Mutations

You are too large for most types of armour.
You have tough skin (AC +1).
You are partially covered in iridescent scales (AC +4).
Your magical capacity is low (-10% MP).


Message History

The starcursed mass shudders and is absorbed by its neighbour.
You bludgeon the starcursed mass!!
You destroy the starcursed mass!
The starcursed mass shrieks in your mind.
* * * LOW HITPOINT WARNING * * *
The starcursed mass shrieks in your mind.
* * * LOW HITPOINT WARNING * * *
The starcursed mass shrieks in your mind.
* * * LOW HITPOINT WARNING * * *
You impale the starcursed mass!!
You destroy the starcursed mass!
The large abomination hits you but does no damage.
You barely miss the large abomination. The large abomination hits you!
* * * LOW HITPOINT WARNING * * *
You puncture the large abomination!
The large abomination is moderately damaged.
You bludgeon the large abomination!!
The large abomination is almost destroyed.
The large abomination hits you!!
You die...

. # ## .
.#†# #.# ##
# # #
#.[..##
.#..
#.†###.....
. #..#...#
#..##@#...#
#. . #
#.#X..##.##
.. #
.#..##.#..
. ###.# .
.#. . ##
..## #. . #
... # ..#.
#.. . .#. #
# .


You could see a large abomination.

Vanquished Creatures
  A tentacled starspawn (Abyss:4)
  A very ugly thing (Abyss:2)
  Azrael (D:12)
  A vault guard (D:13)
  2 fire dragons (D:15)
  6 centaur warriors
  8 hydras
  Erica (D:9)
  A death yak (D:10)
  Urug (D:12)
  The ghost of bnns the Shield-Bearer, a novice DDFi of Pakellas (D:8)
  A wretched star (Abyss:4)
  5 unseen horrors
  A shadow demon (Abyss:4)
  8 hill giants
  An orc knight (D:15)
  An orc sorcerer (D:15)
  2 manticores
  2 deep elf magi
  8 ugly things
  3 cyclopes
  Maurice (D:12)
  3 spiny frogs
  A gargoyle (D:12)
  2 hellions (Abyss:4)
  The ghost of smeego the Conjurer, a novice DrWz (D:5)
  An efreet (D:15)
  4 kobold demonologists
  A freezing wraith (D:14)
  2 komodo dragons
  A tormentor (Abyss:4)
  A tengu conjurer (D:12)
  4 trolls
  A two-headed ogre (D:15)
  5 raiju (Abyss:4)
  13 slime creatures
  2 water elementals (D:12)
  3 shadows
  Sigmund (D:5)
  A spriggan (shapeshifter) (D:13)
  3 wraiths
  26 yaks
  5 starcursed masses (Abyss:4)
  2 wyverns
  A basilisk (D:10)
  4 hippogriffs
  A hungry ghost (D:10)
  2 neqoxecs
  2 fire elementals (D:12)
  5 vampire mosquitoes
  2 mottled dragons
  2 large abominations
  2 porcupines (Lair:2)
  2 water moccasins
  3 hell hounds (D:12)
  7 ice beasts
  9 orc warriors
  A sky beast (D:7)
  4 ogres
  2 eyes of draining
  A black bear (D:9)
  8 centaurs
  3 phantoms
  A necrophage (D:15)
  5 crocodiles
  10 big kobolds
  18 giant frogs
  5 small abominations
  5 killer bees
  9 wights
  A howler monkey (D:13)
  3 electric eels (D:12)
  6 crimson imps
  6 centaur zombies
  3 human zombies (Ossuary)
  2 quasits
  An iron imp (Abyss:2)
  4 orc priests
  10 hounds
  A wasp zombie (D:13)
  7 iguanas
  3 jellies
  15 orc wizards
  10 worker ants
  3 sheep
  A big kobold zombie (Ossuary)
  2 hound zombies
  2 hound skeletons
  5 mummies (Ossuary)
  A worker ant zombie (D:6)
  12 gnolls
  17 adders
  10 river rats (Lair:1)
  3 shadow imps
  An ufetubus (Abyss:2)
  2 oozes
  2 adder skeletons
  3 worms
  3 dart slugs
  4 giant geckos
  54 orcs
  2 bats
  7 giant cockroaches
  6 hobgoblins
  34 kobolds
  A quokka (D:2)
  A ball python (D:2)
  A giant gecko zombie (D:5)
  8 giant newts
  6 goblins
  A jackal zombie (D:8)
  A kobold zombie (Ossuary)
  3 orc zombies (Ossuary)
  A quokka skeleton (D:6)
  9 rats
  A starspawn tentacle (Abyss:4)
533 creatures vanquished.

Vanquished Creatures (others)
  A hydra (D:12)
  A small abomination (Abyss:4)
  A yak (D:12)
  A scorpion (D:12)
  A fungus (Lair:2)
  9 plants (D:12)
  3 starspawn tentacles (Abyss:4)
  14 starspawn tentacle segments (Abyss:4)
31 creatures vanquished.

Grand Total: 564 creatures vanquished

Notes
Turn   | Place    | Note
--------------------------------------------------------------
     0 | D:1      | tbh1313 the Ogre Gladiator began the quest for the Orb.
     0 | D:1      | Reached XP level 1. HP: 22/22 MP: 1/1
    78 | D:1      | Reached XP level 2. HP: 25/29 MP: 2/2
    91 | D:1      | Reached skill level 5 in Maces & Flails
   192 | D:1      | Reached XP level 3. HP: 30/36 MP: 3/3
   719 | D:2      | Reached skill level 6 in Maces & Flails
   750 | D:2      | Reached XP level 4. HP: 41/44 MP: 4/4
   862 | D:2      | Found a glowing golden altar of the Shining One.
  1060 | D:2      | Found a shattered altar of Ashenzari.
  1117 | D:2      | Reached skill level 7 in Maces & Flails
  1275 | D:2      | Found a stormy altar of Qazlal.
  1275 | D:2      | Found a snail-covered altar of Cheibriados.
  1374 | D:2      | Reached XP level 5. HP: 38/50 MP: 5/5
  1611 | D:3      | Found a sacrificial altar of Ru.
  1981 | D:3      | Found a bloodstained altar of Trog.
  2287 | D:4      | Reached skill level 8 in Maces & Flails
  2374 | D:4      | Found Kigip's Food Shop.
  2591 | D:4      | Found a radiant altar of Vehumet.
  2592 | D:4      | Found a white marble altar of Elyvilon.
  2666 | D:4      | Found a burning altar of Makhleb.
  2830 | D:4      | Reached XP level 6. HP: 59/59 MP: 6/6
  3047 | D:5      | Entered Level 5 of the Dungeon
  3207 | D:5      | Reached skill level 9 in Maces & Flails
  3642 | D:5      | Found a bloodstained altar of Trog.
  3697 | D:5      | Reached skill level 10 in Maces & Flails
  3697 | D:5      | Reached XP level 7. HP: 53/66 MP: 7/7
  3940 | D:5      | Noticed Sigmund
  3956 | D:5      | Killed Sigmund
  3956 | D:5      | Reached skill level 11 in Maces & Flails
  4234 | D:5      | Noticed smeego's ghost (novice DrWz)
  4254 | D:5      | Killed smeego's ghost
  4254 | D:5      | Reached skill level 12 in Maces & Flails
  4254 | D:5      | Reached XP level 8. HP: 34/74 MP: 8/8
  4781 | D:6      | Reached skill level 13 in Maces & Flails
  5042 | D:6      | Gained mutation: You are partially covered in iridescent scales (AC +4). [potion of beneficial mutation]
  5088 | D:6      | Reached skill level 14 in Maces & Flails
  5242 | D:6      | Reached XP level 9. HP: 76/80 MP: 9/9
  5297 | D:6      | Noticed a seven-headed hydra
  5500 | D:6      | Found a sacrificial altar of Ru.
  5601 | D:6      | Found a staircase to the Ecumenical Temple.
  5609 | Temple   | Entered the Ecumenical Temple
  5643 | Temple   | Became a worshipper of Warmaster Okawaru
  5964 | D:7      | Reached XP level 10. HP: 123/123 MP: 10/10
  5979 | D:7      | Reached skill level 17 in Maces & Flails
  5979 | D:7      | Reached XP level 11. HP: 85/131 MP: 11/11
  6064 | D:7      | Found an oddly glowing altar of Pakellas.
  6331 | D:7      | Found a glowing silver altar of Zin.
  6332 | D:7      | Noticed an angel
  6405 | D:7      | Found a burning altar of Makhleb.
  6405 | D:7      | Found a shimmering altar of Xom.
  6676 | D:8      | Found an ancient bone altar of Kikubaaqudgha.
  6701 | D:8      | Found a sand-covered staircase.
  6720 | Ossuary  | Entered an ossuary
  6903 | Ossuary  | Reached * piety under Okawaru
  7374 | D:8      | Noticed bnns's ghost (novice DDFi)
  7412 | D:8      | Killed bnns's ghost
  7414 | D:8      | Reached skill level 18 in Maces & Flails
  7952 | D:9      | Reached ** piety under Okawaru
  8065 | D:9      | Noticed a three-headed hydra
  8084 | D:9      | Killed a three-headed hydra
  8084 | D:9      | Reached skill level 1 in Armour
  8289 | D:9      | Noticed Erica
  8304 | D:9      | Killed Erica
  8304 | D:9      | Reached *** piety under Okawaru
  8451 | D:9      | Found Upsucuna's Book Shop.
  8625 | D:10     | Entered Level 10 of the Dungeon
  8741 | D:10     | Killed an unseen horror
  9027 | D:10     | Noticed a centaur warrior
  9038 | D:10     | Received a gift from Okawaru
  9051 | D:10     | Killed a centaur warrior
  9051 | D:10     | Reached **** piety under Okawaru
  9051 | D:10     | Reached skill level 5 in Dodging
  9051 | D:10     | Reached XP level 12. HP: 80/140 MP: 12/12
  9384 | D:10     | Gained mutation: You possess an exceptional clarity of mind. [potion of mutation]
  9384 | D:10     | Lost mutation: You possess an exceptional clarity of mind. [potion of mutation]
  9461 | D:10     | Found a staircase to the Lair.
  9468 | D:10     | Noticed a death yak
  9478 | D:10     | Killed a death yak
  9478 | D:10     | Reached skill level 19 in Maces & Flails
 10240 | D:11     | Reached ***** piety under Okawaru
 10367 | D:11     | Found a staircase to the Orcish Mines.
 10653 | D:11     | Received a gift from Okawaru
 11307 | D:11     | Found a stormy altar of Qazlal.
 11642 | D:12     | Noticed a centaur warrior
 11648 | D:12     | Killed a centaur warrior
 11648 | D:12     | Reached skill level 20 in Maces & Flails
 11819 | D:12     | Noticed a centaur warrior
 11826 | D:12     | Killed a centaur warrior
 11875 | D:12     | Noticed Urug
 11889 | D:12     | Killed Urug
 11914 | D:12     | Noticed Maurice
 11926 | D:12     | Killed Maurice
 11926 | D:12     | Reached XP level 13. HP: 140/148 MP: 13/13
 12811 | D:12     | Noticed Azrael
 12826 | D:12     | Reached skill level 5 in Armour
 12935 | D:12     | Killed Azrael
 13084 | D:13     | Reached skill level 21 in Maces & Flails
 13449 | D:13     | Received a gift from Okawaru
 13471 | D:13     | Got a steaming cloak {god gift}
 13482 | D:13     | Identified the -2 cloak of the Sun {-Cast rPois MR+ Str+4} (Okawaru gifted it to you on level 13 of the Dungeon)
 13491 | D:13     | Noticed a vault guard
 13500 | D:13     | Killed a vault guard
 14065 | D:13     | Found a gate to the Vaults.
 14112 | D:14     | Reached skill level 22 in Maces & Flails
 14246 | D:14     | Reached XP level 14. HP: 88/157 MP: 11/14
 14969 | D:14     | Reached skill level 23 in Maces & Flails
 15198 | D:14     | Found an opulent altar of Gozag.
 15364 | D:15     | Entered Level 15 of the Dungeon
 15423 | D:15     | Found Qihain's Armour Boutique.
 15468 | D:15     | Reached ****** piety under Okawaru
 16096 | D:15     | Found a staircase to the Depths.
 16711 | D:15     | Received a gift from Okawaru
 16711 | D:15     | Reached skill level 24 in Maces & Flails
 16712 | D:15     | Got a steaming mottled dragon armour {god gift}
 16746 | D:15     | Identified the +5 mottled dragon armour of the Crown {rPois MR+ Regen+ Dex+4} (Okawaru gifted it to you on level 15 of the Dungeon)
 17182 | D:9      | Found a stormy altar of Qazlal.
 17930 | Lair:1   | Entered Level 1 of the Lair of Beasts
 18232 | Lair:1   | You fall through a shaft!
 18672 | Lair:2   | Noticed Sonja
 18987 | Lair:2   | Cast into level 2 of the Abyss (Sonja)
 19052 | Abyss:2  | Noticed a green very ugly thing
 19059 | Abyss:2  | Killed a green very ugly thing
 19256 | Abyss:4  | Noticed a tentacled starspawn
 19272 | Abyss:4  | Killed a tentacled starspawn
 19272 | Abyss:4  | Reached skill level 25 in Maces & Flails
 19272 | Abyss:4  | Reached XP level 15. HP: 129/165 MP: 15/15
 19336 | Abyss:4  | Gained mutation: Your magical capacity is low (-10% MP). [a neqoxec]
 19374 | Abyss:4  | Paralysed by accursed screaming for 1 turns
 19392 | Abyss:4  | Slain by a large abomination

Skill      XL: |  1  2  3  4  5  6  7  8  9 10 11 12 13 14 |
---------------+-------------------------------------------+-----
Maces & Flails | 5 6 7 8 10 12 14 17 18 20 22 25 | 25.2
Fighting       | 14 | 14.7
Dodging        | 3 5 6 |  6.0
Armour         | 2 4 6 |  6.0
Throwing       | |  2.0

Action                   |  1- 3 |  4- 6 |  7- 9 | 10-12 | 13-15 || total
-------------------------+-------+-------+-------+-------+-------++-------
Melee: Flail             |    40 |       |       |       |       ||    40
       Whip              |    51 |   304 |   362 |   506 |       ||  1223
       Giant spiked club |       |       |       |   196 |   605 ||   801
Throw: Throwing net      |       |       |       |     9 |     2 ||    11
       Large rock        |       |       |       |       |     3 ||     3
Invok: Heroism           |       |       |       |       |     2 ||     2
       Finesse           |       |       |       |       |     1 ||     1
Evoke: Wand              |       |       |     1 |     6 |       ||     7
  Use: Scroll            |     2 |     3 |     9 |    20 |    12 ||    46
       Potion            |       |     2 |    14 |     3 |     8 ||    27
 Stab: Sleeping          |     1 |       |     1 |       |       ||     2
       Confused          |       |       |     2 |       |       ||     2
       Distracted        |       |       |       |     1 |       ||     1
       Held in net/web   |       |       |       |     4 |       ||     4
  Eat: Chunk             |       |     9 |     7 |    20 |    11 ||    47
       Pizza             |       |       |     1 |       |     1 ||     2
       Fruit             |       |       |       |     1 |       ||     1
       Meat ration       |       |       |       |       |     3 ||     3
Armor: Robe              |    25 |    36 |    32 |   203 |   101 ||   397
       Mottled dragon ar |       |       |       |       |    71 ||    71
Dodge: Dodged            |    49 |   123 |   111 |   246 |   275 ||   804
